TOP OF THE 1ST |
Tennessee Smokies batting - Pitching for Pensacola Blue Wahoos : LHP Paul Dudley
|
Pitching: LHP Paul Dudley
|
|
Batting: LHB John Griffin
|
0-0: Foul Ball, location: 7LDF 0-1: Ball 1-1: Ground out 1-3 (Groundball, P, EV 67.5 MPH)
|
Batting: RHB Miles Thrash
|
0-0: Called Strike 0-1: Ball 1-1: Ball 2-1: Fly out, F3 (Popup, 3SF, EV 72.5 MPH)
|
Batting: RHB Mike Lowery
|
0-0: Ball 1-0: Called Strike 1-1: SOLO HOME RUN (Flyball, 9D, EV 98.1 MPH), Distance : 379 ft
|
Batting: RHB Jaylen Craighead
|
0-0: Ball 1-0: Ball 2-0: Ball 3-0: Called Strike 3-1: Foul Ball, location: 5F 3-2: Strikes out swinging
|
Top of the 1st over - 1 run, 1 hit, 0 errors, 0 left on base; Tennessee 1 - Pensacola 0 |
BOTTOM OF THE 1ST |
Pensacola Blue Wahoos batting - Pitching for Tennessee Smokies : LHP Justin Sorensen
|
Pitching: LHP Justin Sorensen
|
|
Batting: RHB Nate Edmond
|
0-0: Ball 1-0: Ball 2-0: Foul Ball, location: 2F 2-1: Ground out 6-3 (Groundball, 6, EV 108.8 MPH)
|
Batting: RHB Pete Martens
|
0-0: Ball 1-0: Foul Ball, location: 3F 1-1: SINGLE (Line Drive, 7S, EV 93.1 MPH)
|
Batting: RHB Nick Gillett
|
0-0: Ball 1-0: Called Strike 1-1: Foul Ball, location: 2F 1-2: Fly out, F9 (Flyball, 89M, EV 86.9 MPH)
|
Batting: RHB Ryan Kralik
|
0-0: Called Strike 0-1: DOUBLE (Line Drive, 9LM, EV 103.1 MPH) Pete Martens to third Runner from 3rd tries for Home, SAFE, no throw by RF
|
Batting: SHB Basilio Santana
|
0-0: Called Strike 0-1: Called Strike 0-2: Ball 1-2: Foul Ball, location: 2F 1-2: Foul Ball, location: 2F 1-2: SINGLE (Groundball, 6MD, EV 105.6 MPH) Ryan Kralik to third Runner from 3rd tries for Home, SAFE, throw by CF to home
|
Batting: RHB Jeremy Kennedy
|
0-0: Ball 1-0: Ground out 4-3 (Groundball, 4, EV 92.5 MPH)
|
Bottom of the 1st over - 2 runs, 3 hits, 0 errors, 1 left on base; Tennessee 1 - Pensacola 2 |
TOP OF THE 2ND |
Tennessee Smokies batting - Pitching for Pensacola Blue Wahoos : LHP Paul Dudley
|
Batting: RHB Zack Tamburino
|
0-0: Called Strike 0-1: Ball 1-1: Ball 2-1: Ball 3-1: Base on Balls
|
Batting: LHB Leo Garcia
|
0-0: Ball 1-0: Swinging Strike 1-1: Called Strike 1-2: Strikes out swinging
|
Batting: RHB John Brady
|
0-0: Ball 1-0: SINGLE (Line Drive, 3D, EV 109.4 MPH) Zack Tamburino to second Zack Tamburino to third
|
Batting: RHB Andy Hall
|
0-0: Called Strike 0-1: Ball 1-1: Swinging Strike 1-2: Ball 2-2: Ball 3-2: Strikes out looking
|
Batting: LHB Armando Dias
|
0-0: Called Strike 0-1: Ball 1-1: Foul Ball, location: 3F 1-2: Foul Ball, location: 3FF 1-2: Foul Ball, location: 7LDF 1-2: Ball 2-2: SINGLE (Groundball, 4D, EV 108.8 MPH) Zack Tamburino scores John Brady to second
|
Batting: LHB John Griffin
|
0-0: Fly out, F4 (Line Drive, 4M, EV 63.1 MPH)
|
Top of the 2nd over - 1 run, 2 hits, 0 errors, 2 left on base; Tennessee 2 - Pensacola 2 |
BOTTOM OF THE 2ND |
Pensacola Blue Wahoos batting - Pitching for Tennessee Smokies : LHP Justin Sorensen
|
Batting: SHB Alex Valdivia
|
0-0: Called Strike 0-1: Foul Ball, location: 2RF 0-2: SINGLE (Line Drive, 9S, EV 100.6 MPH)
|
Batting: RHB Ramon Alvarez
|
0-0: Grounds into double play, 6-4-3 (Groundball, 56, EV 108.8 MPH)
|
Batting: LHB Francisco Rivera
|
0-0: Ball 1-0: Foul Ball, location: 2F 1-1: Swinging Strike 1-2: Ball 2-2: DOUBLE (Line Drive, 7LM, EV 99.4 MPH)
|
Batting: RHB Nate Edmond
|
0-0: Ball 1-0: Called Strike 1-1: Swinging Strike 1-2: Ball 2-2: Foul Ball, location: 2LF 2-2: Ball 3-2: Foul Ball, location: 2F 3-2: SINGLE (Line Drive, 3D, EV 97.5 MPH) Francisco Rivera to third Runner from 3rd tries for Home, SAFE, throw by RF to home
|
Batting: RHB Pete Martens
|
0-0: Ball 1-0: Fly out, F3 (Popup, 23F, EV 85.6 MPH)
|
Bottom of the 2nd over - 1 run, 3 hits, 0 errors, 1 left on base; Tennessee 2 - Pensacola 3 |
TOP OF THE 3RD |
Tennessee Smokies batting - Pitching for Pensacola Blue Wahoos : LHP Paul Dudley
|
Batting: RHB Miles Thrash
|
0-0: Called Strike 0-1: Foul Ball, location: 7LSF 0-2: Ball 1-2: Strikes out swinging
|
Batting: RHB Mike Lowery
|
0-0: Ball 1-0: Swinging Strike 1-1: Foul Ball, location: 23F 1-2: SINGLE (Line Drive, 89M, EV 102.5 MPH)
|
Batting: RHB Jaylen Craighead
|
0-0: Ball Mike Lowery is caught stealing 2nd base 2-4 1-0: Foul Ball, location: 9LMF 1-1: Ground out 6-3 (Groundball, 6M, EV 87.5 MPH)
|
Top of the 3rd over - 0 runs, 1 hit, 0 errors, 0 left on base; Tennessee 2 - Pensacola 3 |
BOTTOM OF THE 3RD |
Pensacola Blue Wahoos batting - Pitching for Tennessee Smokies : LHP Justin Sorensen
|
Batting: RHB Nick Gillett
|
0-0: Foul Ball, location: 7LSF 0-1: Foul Ball, location: 5F 0-2: Ball 1-2: Strikes out swinging
|
Batting: RHB Ryan Kralik
|
0-0: Foul Ball, location: 7LMFF 0-1: Called Strike 0-2: Ball 1-2: Ball 2-2: Ball 3-2: Base on Balls
|
Batting: SHB Basilio Santana
|
0-0: SINGLE (Flyball, 9LS, EV 89.4 MPH) Ryan Kralik to second
|
Batting: RHB Jeremy Kennedy
|
0-0: DOUBLE (Line Drive, 89M, EV 97.5 MPH) Ryan Kralik scores Basilio Santana to third
|
Batting: SHB Alex Valdivia
|
0-0: Ball 1-0: Fly out, F9 (Line Drive, 9S, EV 83.8 MPH)
|
Batting: RHB Ramon Alvarez
|
0-0: SINGLE (Line Drive, 7LM, EV 101.9 MPH) Basilio Santana scores Jeremy Kennedy to third Runner from 3rd tries for Home, SAFE, throw by LF to home
|
Batting: LHB Francisco Rivera
|
0-0: Called Strike 0-1: Swinging Strike 0-2: Ball 1-2: Strikes out swinging
|
Bottom of the 3rd over - 3 runs, 3 hits, 0 errors, 1 left on base; Tennessee 2 - Pensacola 6 |
TOP OF THE 4TH |
Tennessee Smokies batting - Pitching for Pensacola Blue Wahoos : LHP Paul Dudley
|
Batting: RHB Zack Tamburino
|
0-0: Ball 1-0: Ball 2-0: Foul Ball, location: 2F 2-1: Ball 3-1: Foul Ball, location: 9LMF 3-2: Base on Balls
|
Batting: LHB Leo Garcia
|
0-0: Fly out, F3 (Popup, 3, EV 82.5 MPH)
|
Batting: RHB John Brady
|
0-0: Ball 1-0: Fly out, F3 (Line Drive, 3L, EV 75.0 MPH) Lined into DP, U3 (Line Drive, 3L, EV 75.0 MPH)
|
Top of the 4th over - 0 runs, 0 hits, 0 errors, 0 left on base; Tennessee 2 - Pensacola 6 |
BOTTOM OF THE 4TH |
Pensacola Blue Wahoos batting - Pitching for Tennessee Smokies : LHP Justin Sorensen
|
Pitching: RHP Jesse Clare
|
|
Batting: RHB Nate Edmond
|
0-0: Fly out, F7 (Line Drive, 7S, EV 104.4 MPH)
|
Batting: RHB Pete Martens
|
0-0: SINGLE (Line Drive, 9S, EV 103.8 MPH)
|
Batting: RHB Nick Gillett
|
0-0: Ball 1-0: SINGLE (Groundball, 34D, EV 103.8 MPH) Pete Martens to second Runner from 2nd tries for 3rd, SAFE, throw by RF made to third Nick Gillett to second
|
Batting: RHB Ryan Kralik
|
0-0: Ground out 4-3 (Groundball, 4M, EV 79.4 MPH) Pete Martens scores Nick Gillett to third
|
Batting: SHB Basilio Santana
|
0-0: Ball 1-0: Ball 2-0: Foul Ball, location: 7LSF 2-1: Foul Ball, location: 3F 2-2: DOUBLE (Line Drive, 9LS, EV 110.0 MPH) Nick Gillett scores
|
Batting: RHB Jeremy Kennedy
|
0-0: Reached on error, E5 (Groundball, 56, EV 107.5 MPH) Basilio Santana scores
|
Batting: SHB Alex Valdivia
|
0-0: Called Strike 0-1: Ball 1-1: Ball 2-1: DOUBLE (Flyball, 89D, EV 95.0 MPH) Jeremy Kennedy scores
|
Pitching: RHP Aaron Scott
|
|
Batting: RHB Ramon Alvarez
|
0-0: Ball 1-0: Foul Ball, location: 9LDF 1-1: DOUBLE (Line Drive, 89D, EV 100.6 MPH) Alex Valdivia scores
|
Batting: LHB Francisco Rivera
|
0-0: Called Strike 0-1: Ground out 5-3 (Groundball, 5, EV 88.8 MPH)
|
Bottom of the 4th over - 5 runs, 5 hits, 1 error, 1 left on base; Tennessee 2 - Pensacola 11 |
TOP OF THE 5TH |
Tennessee Smokies batting - Pitching for Pensacola Blue Wahoos : LHP Paul Dudley
|
Batting: RHB Andy Hall
|
0-0: Ball 1-0: Ball 2-0: Called Strike 2-1: Foul Ball, location: 2F 2-2: Foul Ball, location: 25F 2-2: DOUBLE (Line Drive, 5D, EV 105.6 MPH)
|
Batting: LHB Armando Dias
|
0-0: Called Strike 0-1: Fly out, F9 (Flyball, 89S, EV 83.1 MPH)
|
Batting: LHB John Griffin
|
0-0: Ball 1-0: Ball 2-0: Foul Ball, location: 7LMF 2-1: Ground out 4-3 (Groundball, 4, EV 104.4 MPH) Andy Hall to third
|
Batting: RHB Miles Thrash
|
0-0: Ground out U3 (Groundball, 23, EV 85.6 MPH)
|
Top of the 5th over - 0 runs, 1 hit, 0 errors, 1 left on base; Tennessee 2 - Pensacola 11 |
BOTTOM OF THE 5TH |
Pensacola Blue Wahoos batting - Pitching for Tennessee Smokies : RHP Aaron Scott
|
Batting: RHB Nate Edmond
|
0-0: Called Strike 0-1: Ball 1-1: Swinging Strike 1-2: Ball 2-2: Foul Ball, location: 9LSF 2-2: Ball 3-2: Strikes out swinging
|
Batting: RHB Pete Martens
|
0-0: Foul Ball, location: 9LDF 0-1: Ball 1-1: Ground out 4-3 (Groundball, 4, EV 80.6 MPH)
|
Batting: RHB Nick Gillett
|
0-0: Ball 1-0: Ball 2-0: SINGLE (Line Drive, 9S, EV 91.3 MPH)
|
Batting: RHB Ryan Kralik
|
0-0: Ball 1-0: Fielders Choice at 2nd, 6-4 (Groundball, 6D, EV 107.5 MPH)
|
Bottom of the 5th over - 0 runs, 1 hit, 0 errors, 1 left on base; Tennessee 2 - Pensacola 11 |
TOP OF THE 6TH |
Tennessee Smokies batting - Pitching for Pensacola Blue Wahoos : LHP Paul Dudley
|
Batting: RHB Mike Lowery
|
0-0: Swinging Strike 0-1: Swinging Strike 0-2: Ball 1-2: Strikes out swinging
|
Batting: RHB Jaylen Craighead
|
0-0: Fly out, F8 (Flyball, 8RD, EV 83.8 MPH)
|
Batting: RHB Zack Tamburino
|
0-0: Ground out 5-3 (Groundball, 15, EV 88.1 MPH)
|
Top of the 6th over - 0 runs, 0 hits, 0 errors, 0 left on base; Tennessee 2 - Pensacola 11 |
BOTTOM OF THE 6TH |
Pensacola Blue Wahoos batting - Pitching for Tennessee Smokies : RHP Aaron Scott
|
Batting: SHB Basilio Santana
|
0-0: Foul Ball, location: 5FF 0-1: DOUBLE (Line Drive, 89XD, EV 101.9 MPH)
|
Batting: RHB Jeremy Kennedy
|
0-0: Called Strike 0-1: Called Strike 0-2: Ball 1-2: Fly out, F3 (Line Drive, 3, EV 63.8 MPH)
|
Batting: SHB Alex Valdivia
|
0-0: Ball 1-0: Ball 2-0: SINGLE (Line Drive, 7S, EV 101.9 MPH) Basilio Santana to third Runner from 3rd tries for Home, throw by LF and OUT! 7-6-2 Alex Valdivia to second
|
Batting: RHB Ramon Alvarez
|
0-0: Ball 1-0: Foul Ball, location: 25F 1-1: Called Strike 1-2: Fly out, F9 (Line Drive, 9S, EV 85.0 MPH)
|
Bottom of the 6th over - 0 runs, 2 hits, 0 errors, 1 left on base; Tennessee 2 - Pensacola 11 |
TOP OF THE 7TH |
Tennessee Smokies batting - Pitching for Pensacola Blue Wahoos : LHP Paul Dudley
|
Pinch Hitting: RHB Sean Maestas
|
0-0: Fly out, F9 (Flyball, 9D, EV 101.3 MPH)
|
Batting: RHB John Brady
|
0-0: Foul Ball, location: 2LF 0-1: Fly out, F8 (Flyball, 78M, EV 91.3 MPH)
|
Batting: RHB Andy Hall
|
0-0: Ball 1-0: Swinging Strike 1-1: Foul Ball, location: 2F 1-2: Foul Ball, location: 2LF 1-2: Ball 2-2: Strikes out looking
|
Top of the 7th over - 0 runs, 0 hits, 0 errors, 0 left on base; Tennessee 2 - Pensacola 11 |
BOTTOM OF THE 7TH |
Pensacola Blue Wahoos batting - Pitching for Tennessee Smokies : RHP Aaron Scott
|
Now at 2B: Sean Maestas
|
|
Batting: LHB Francisco Rivera
|
0-0: Ground out 6-3 (Groundball, 6, EV 86.3 MPH)
|
Pinch Hitting: LHB Mike Burleson
|
0-0: Ball 1-0: Fly out, F5 (Popup, 5D, EV 73.8 MPH)
|
Batting: RHB Pete Martens
|
0-0: Ball 1-0: Swinging Strike 1-1: Ball 2-1: Ball 3-1: Ground out 4-3 (Groundball, 4, EV 81.9 MPH)
|
Bottom of the 7th over - 0 runs, 0 hits, 0 errors, 0 left on base; Tennessee 2 - Pensacola 11 |
TOP OF THE 8TH |
Tennessee Smokies batting - Pitching for Pensacola Blue Wahoos : LHP Paul Dudley
|
Now in LF: Basilio Santana
|
|
Now in CF: Mike Burleson
|
|
Pinch Hitting: RHB Jose Cano
|
0-0: Ball 1-0: Ball 2-0: Ball 3-0: Called Strike 3-1: SINGLE (Line Drive, 78M, EV 93.1 MPH)
|
Batting: LHB John Griffin
|
0-0: Ball 1-0: DOUBLE (Line Drive, 9LS, EV 111.3 MPH) Jose Cano to third
|
Batting: RHB Miles Thrash
|
0-0: Called Strike 0-1: Called Strike 0-2: Strikes out swinging
|
Batting: RHB Mike Lowery
|
0-0: Ball 1-0: SINGLE (Line Drive, 9S, EV 93.8 MPH) Jose Cano scores John Griffin to third
|
Batting: RHB Jaylen Craighead
|
0-0: Foul Ball, location: 2RF 0-1: Foul Ball, location: 9LDF 0-2: Foul Ball, location: 23FF 0-2: Ball 1-2: Foul Ball, location: 2F 1-2: Ball 2-2: Strikes out swinging
|
Batting: RHB Zack Tamburino
|
0-0: Ground out 6-3 (Groundball, 6MS, EV 70.0 MPH)
|
Top of the 8th over - 1 run, 3 hits, 0 errors, 2 left on base; Tennessee 3 - Pensacola 11 |
BOTTOM OF THE 8TH |
Pensacola Blue Wahoos batting - Pitching for Tennessee Smokies : RHP Aaron Scott
|
Now at 2B: Jose Cano
|
|
Now in LF: Sean Maestas
|
|
Batting: RHB Nick Gillett
|
0-0: Called Strike 0-1: Called Strike 0-2: Foul Ball, location: 23FF 0-2: Foul Ball, location: 7LDF 0-2: SINGLE (Line Drive, 6D, EV 102.5 MPH)
|
Batting: RHB Ryan Kralik
|
0-0: Called Strike 0-1: Foul Ball, location: 3SF 0-2: Ball 1-2: Ball 2-2: Strikes out swinging
|
Batting: SHB Basilio Santana
|
0-0: Ball 1-0: Called Strike 1-1: Fly out, F8 (Flyball, 8RD, EV 86.3 MPH)
|
Batting: RHB Jeremy Kennedy
|
0-0: Swinging Strike 0-1: Ball Nick Gillett steals 2nd base (no throw) 1-1: Called Strike 1-2: Ball 2-2: Ball 3-2: SINGLE (Groundball, 34D, EV 94.4 MPH) Nick Gillett to third Runner from 3rd tries for Home, SAFE, throw by RF to home
|
Batting: SHB Alex Valdivia
|
0-0: Ball 1-0: Fly out, F7 (Flyball, 7, EV 78.1 MPH)
|
Bottom of the 8th over - 1 run, 2 hits, 0 errors, 1 left on base; Tennessee 3 - Pensacola 12 |
TOP OF THE 9TH |
Tennessee Smokies batting - Pitching for Pensacola Blue Wahoos : LHP Paul Dudley
|
Pitching: RHP Phil Diaz
|
|
Batting: RHB Sean Maestas
|
0-0: Ground out 5-3 (Groundball, 56, EV 85.0 MPH)
|
Batting: RHB John Brady
|
0-0: Ball 1-0: Called Strike 1-1: Ground out 4-3 (Groundball, 4M, EV 85.0 MPH)
|
Batting: RHB Andy Hall
|
0-0: Ball 1-0: Ball 2-0: Ball 3-0: Called Strike 3-1: Base on Balls
|
Batting: RHB Jose Cano
|
0-0: Ball 1-0: Called Strike 1-1: Foul Ball, location: 7LSF 1-2: Ball 2-2: Foul Ball, location: 9LDF 2-2: Foul Ball, location: 25F 2-2: Strikes out swinging
|
Top of the 9th over - 0 runs, 0 hits, 0 errors, 1 left on base; Tennessee 3 - Pensacola 12 |
|